 Dungeon Crawl Stone Soup version 0.18.1-8-gdd0e5ea (webtiles) character file.

2629 Glider the Insei (level 9, -3/58 HPs)
             Began as an Octopode Transmuter on Apr 29, 2016.
             Was a Believer of Okawaru.
             Slain by a slime creature (9 damage)
             ... on level 7 of the Dungeon on June 4, 2016.
             The game lasted 00:41:43 (9132 turns).

Glider the Insei (Octopode Transmuter)              Turns: 9132, Time: 00:41:43

Health: -3/58      AC: -1    Str: 10    XL:     9   Next: 61%
Magic:  13/13      EV: 13    Int: 16    God:    Okawaru [**....]
Gold:   539        SH:  0    Dex: 14    Spells: 5 memorised, 2 levels left

rFire  . . .     SeeInvis +     i - +10 whip of Aluakhut {freeze, *Corrode MR+ SInv}
rCold  . . .     Gourm    +     (no shield)
rNeg   . . .     Faith    .     t - +2 hat
rPois  .         Spirit   .     p - amulet of the gourmand
rElec  .         Dismiss  .     C - ring of sustain attributes
rCorr  .         Reflect  .     (no ring)
SustAt +         Harm     .     (no ring)
MR     +....                    (no ring)
Stlth  +++.......               (no ring)
                                (no ring)
                                (no ring)
                                (no ring)

@: about to teleport, corroded, repel missiles, somewhat resistant to hostile
enchantments, fairly stealthy
A: almost no armour, amphibious, 8 rings, constrict 8, camouflage 1, gelatinous
body 1
a: Heroism, Renounce Religion


You were on level 7 of the Dungeon.
You worshipped Okawaru.
Okawaru was pleased with you.
You were very full.

You visited 2 branches of the dungeon, and saw 9 of its levels.

You collected 539 gold pieces.

Inventory:

Hand Weapons
 i - the +10 whip of Aluakhut (weapon) {freeze, *Corrode MR+ SInv}
   (You found it on level 5 of the Dungeon)

   It has been specially enchanted to freeze those struck by it, causing extra
   injury to most foes and up to half again as much damage against particularly
   susceptible opponents.
   It can also slow down cold-blooded creatures.
   It affects your resistance to hostile enchantments.
   It lets you see invisible.
   It may corrode you when you take damage.
 y - the +1 dagger of Jashreol {vamp, rC++ Str+2}
   (You took it off an orc on level 4 of the Dungeon)

   It inflicts no extra harm, but heals its wielder somewhat when it strikes a
   living foe.
   It affects your strength (+2).
   It greatly protects you from cold.
Missiles
 a - 100 arrows
 m - 131 stones (quivered)
Armour
 t - a +2 hat (worn)
Jewellery
 p - an amulet of the gourmand (around mantle)
 C - a ring of sustain attributes (left tentacle)
Wands
 H - a wand of teleportation (4/9)
 I - a wand of heal wounds (5/9)
Scrolls
 d - 3 scrolls of remove curse
 k - a scroll of identify
 n - 2 scrolls of fear {unknown}
 q - 3 scrolls of enchant armour
 s - a scroll of immolation {unknown}
 v - a scroll of recharging {unknown}
 w - a scroll of magic mapping {unknown}
 B - a scroll of blinking
 D - a scroll of teleportation {unknown}
 F - a scroll of fog {unknown}
Potions
 e - 2 potions of lignification
 f - 3 potions of ambrosia
 g - 3 potions of agility
 h - a potion of heal wounds
 l - 3 potions of magic
 r - 3 potions of flight
 u - a potion of curing
 z - a potion of berserk rage
 G - a potion of might
Books
 b - a book of Changes

   Spells                             Type                      Level
   a - Beastly Appendage              Transmutation                1
   b - Sticks to Snakes               Transmutation                2
   c - Spider Form                    Transmutation/Poison         3
   d - Ice Form                       Ice/Transmutation            4
   e - Blade Hands                    Transmutation                5
 x - a book of Envenomations

   Spells                             Type                      Level
   a - Spider Form                    Transmutation/Poison         3
   b - Olgreb's Toxic Radiance        Poison                       4
   c - Alistair's Intoxication        Transmutation/Poison         5
   d - Poisonous Cloud                Conjuration/Poison/Air       6
 E - a book of Air

   Spells                             Type                      Level
   a - Shock                          Conjuration/Air              1
   b - Swiftness                      Charms/Air                   2
   c - Repel Missiles                 Charms/Air                   2
   d - Static Discharge               Conjuration/Air              3
   e - Lightning Bolt                 Conjuration/Air              5
Comestibles
 c - 4 bread rations
 j - 5 beef jerkies
 o - 4 slices of pizza
 A - 3 meat rations
 J - 4 mutagenic chunks of flesh


   Skills:
 - Level 4.0 Fighting
 - Level 3.0 Dodging
 - Level 3.0 Stealth
 * Level 7.6 Unarmed Combat
 - Level 3.0 Spellcasting
 + Level 2.6 Charms
 + Level 7.2 Transmutations
 - Level 2.0 Ice Magic
 + Level 2.5 Air Magic
 - Level 2.0 Poison Magic
 - Level 2.0 Invocations
 + Level 0.7 Evocations


You had 2 spell levels left.
You knew the following spells:

 Your Spells              Type           Power        Failure   Level  Hunger
a - Beastly Appendage     Trmt           ####..       1%          1    #......
b - Spider Form           Trmt/Pois      ###.......   12%         3    ###....
c - Ice Form              Ice/Trmt       ###.....     34%         4    #####..
d - Repel Missiles        Chrm/Air       ##....       12%         2    ##.....
e - Swiftness             Chrm/Air       ##......     12%         2    ##.....


Dungeon Overview and Level Annotations

Branches:
Dungeon (8/15)             Temple (1/1) D:4
   Lair: D:8-11

Altars:
Ashenzari
Cheibriados
Dithmenos
Elyvilon
Fedhas
Gozag
Kikubaaqudgha
Makhleb
Nemelex Xobeh
Okawaru
Pakellas
Qazlal
Ru
Sif Muna
Trog
Xom
Yredelemnul
Zin
The Shining One

Shops:
D:5 %

Annotations:
D:7 1 runed door
D:8 lupus83's ghost, novice GrFi


Innate Abilities, Weirdness & Mutations

You cannot wear most types of armour.
You are amphibious.
You can wear up to eight rings at the same time.
You can use your tentacles to constrict eight enemies at once.
Your skin changes colour to match your surroundings (Stealth).
Your rubbery body absorbs attacks (AC +1).


Message History

A killer bee comes into view.
The killer bee moves out of view.
There is a stone staircase leading up here.
A very large slime creature splits.
You climb upwards.
Level annotation: 1 runed door
There is a stone staircase leading down here.
Read which item? (? for menu, Esc to quit)
Okay, then.
Casting: Spider Form
Confirm with . or Enter, or press ? or * to list all spells.
Okay, then.
Evoke which item? (* to show all) (? for menu, Esc to quit)
Zapping:
H - a wand of teleportation (5/9)
Press: ? - help, Shift-Dir - straight line, f - you You feel strangely unstable.
This wand has 4 charges left.
The large slime creature hits you!
* * * LOW HITPOINT WARNING * * *
Your corrosive artefact corrodes you!
The slime creature hits you!
You die...

#.............#.# #.#
########......#.# #.#
#......#.# #.#
#.#'####.# #.#
#.#))..#.# #.#
#.#.##.#.# #.#
#.#.##)#.# #.#
#########.#.##.#.# #.#
#...J@J...#.##.#.###.#
#.#######...##.#......
#.# #.####.#####.# #.#
#.#......# #.# #.#
#.#....#.# #.# #.#
##.######.# #.# #.#
#.........# #.# #.#
#.######### #.# #.#
#.# #.#


You could see a large slime creature and a slime creature.

Vanquished Creatures
  A wyvern (D:8)
  Eustachio (D:4)
  Menkaure (D:5)
  4 sky beasts
  3 ice beasts
  A necrophage (D:5)
  2 centaurs (D:6)
  2 giant frogs
  4 scorpions
  A killer bee (D:7)
  2 howler monkeys
  A crimson imp (D:7)
  A giant frog zombie (D:8)
  A centaur zombie (D:7)
  An orc priest (D:7)
  2 hounds
  2 jellies
  4 orc wizards
  2 giant frog skeletons
  10 worker ants
  5 adders
  3 gnolls (D:3)
  A howler monkey skeleton (D:4)
  2 shadow imps
  3 oozes
  2 worms
  5 dart slugs
  8 giant geckos
  19 orcs
  12 giant cockroaches
  7 goblins
  7 hobgoblins
  16 jackals
  3 kobolds
  2 quokkas
  2 ball pythons
  8 bats
  A giant newt (D:2)
  7 rats
159 creatures vanquished.

Notes
Turn   | Place    | Note
--------------------------------------------------------------
     0 | D:1      | Glider the Octopode Transmuter began the quest for the Orb.
     0 | D:1      | Reached XP level 1. HP: 13/13 MP: 3/3
   314 | D:1      | Upgraded the game from 0.18-b1-10-g3f7de93 to 0.18.0-1-g0107ab7
   314 | D:1      | Upgraded the game from 0.18.0-1-g0107ab7 to 0.18.1-8-gdd0e5ea
   331 | D:1      | Reached skill level 1 in Stealth
   415 | D:1      | Reached XP level 2. HP: 17/18 MP: 3/5
   802 | D:1      | Reached XP level 3. HP: 12/23 MP: 6/6
   935 | D:1      | Learned a level 3 spell: Spider Form
  1410 | D:2      | Reached skill level 1 in Poison Magic
  1444 | D:2      | Reached XP level 4. HP: 25/28 MP: 7/7
  2744 | D:3      | Reached XP level 5. HP: 33/33 MP: 4/8
  2828 | D:3      | Learned a level 4 spell: Ice Form
  3476 | D:3      | Found a shimmering altar of Xom.
  3476 | D:3      | Found a sparkling altar of Nemelex Xobeh.
  3477 | D:3      | Found a deep blue altar of Sif Muna.
  3575 | D:4      | Reached skill level 5 in Unarmed Combat
  3575 | D:4      | Reached XP level 6. HP: 38/38 MP: 4/9
  3940 | D:4      | Got an ancient dagger {vamp}
  3993 | D:4      | Identified the cursed +1 dagger of Jashreol {vamp, rC++ Str+2} (You took it off an orc on level 4 of the Dungeon)
  4059 | D:4      | Noticed Eustachio
  4100 | D:4      | Killed Eustachio
  4100 | D:4      | Reached XP level 7. HP: 32/43 MP: 7/10
  4203 | D:4      | Found a staircase to the Ecumenical Temple.
  4223 | Temple   | Entered the Ecumenical Temple
  4362 | Temple   | Became a worshipper of Warmaster Okawaru
  4396 | D:4      | Reached skill level 5 in Transmutations
  4665 | D:5      | Entered Level 5 of the Dungeon
  4841 | D:5      | Noticed Menkaure
  5195 | D:5      | Reached XP level 8. HP: 48/50 MP: 8/11
  5203 | D:5      | Reached * piety under Okawaru
  5277 | D:5      | Killed Menkaure
  5496 | D:5      | Got a steaming whip
  5497 | D:5      | Identified the +10 whip of Aluakhut {freeze, *Corrode MR+ SInv} (You found it on level 5 of the Dungeon)
  5697 | D:5      | Found Riesh's Food Shoppe.
  6173 | D:6      | Reached skill level 1 in Ice Magic
  6608 | D:6      | Found a shattered altar of Ashenzari.
  6693 | D:6      | Found a shimmering altar of Xom.
  6740 | D:6      | Found an opulent altar of Gozag.
  6973 | D:6      | Learned a level 2 spell: Repel Missiles
  6976 | D:6      | Learned a level 2 spell: Swiftness
  7507 | D:7      | Reached skill level 1 in Charms
  7670 | D:7      | Found a runed door.
  7673 | D:7      | Reached skill level 1 in Air Magic
  7694 | D:7      | Found a runed door.
  7729 | D:7      | Reached XP level 9. HP: 57/58 MP: 9/13
  8459 | D:8      | Found a glowing golden altar of the Shining One.
  8505 | D:8      | Reached skill level 1 in Invocations
  8532 | D:8      | Found a burning altar of Makhleb.
  8534 | D:8      | Noticed an Executioner
  8743 | D:8      | Reached ** piety under Okawaru
  8756 | D:8      | Noticed lupus83's ghost (novice GrFi)
  9132 | D:7      | Slain by a slime creature

Skill      XL: |  1  2  3  4  5  6  7  8  9 |
---------------+----------------------------+-----
Stealth        | 1 2 3 |  3.0
Poison Magic   | 1 2 |  2.0
Unarmed Combat | 4 5 6 7 |  7.6
Transmutations | 3 4 5 6 7 |  7.2
Fighting       | 2 3 4 |  4.0
Dodging        | 3 |  3.0
Spellcasting   | 3 |  3.0
Ice Magic      | 2 |  2.0
Charms         | 1 2 |  2.6
Air Magic      | 1 2 |  2.5
Invocations    | 2 |  2.0
Evocations     | |  0.7

Action                   |  1- 3 |  4- 6 |  7- 9 || total
-------------------------+-------+-------+-------++-------
Melee: Unarmed           |    69 |   151 |   197 ||   417
       Kick              |    11 |       |       ||    11
       Constrict         |    15 |    19 |    15 ||    49
       Tentacles         |    12 |    11 |     6 ||    29
       Punch             |     2 |     1 |     5 ||     8
       Dagger            |       |       |    13 ||    13
       Whip              |       |       |    37 ||    37
 Cast: Beastly Appendage |    16 |       |       ||    16
       Spider Form       |       |    10 |    30 ||    40
       Repel Missiles    |       |       |     1 ||     1
Evoke: Wand              |       |       |     1 ||     1
  Use: Scroll            |       |       |    19 ||    19
 Stab: Sleeping          |     9 |     7 |     7 ||    23
       Distracted        |       |     2 |       ||     2
  Eat: Chunk             |     2 |    31 |    20 ||    53
Armor: Skin              |    10 |    14 |    15 ||    39
Dodge: Dodged            |    31 |   147 |   178 ||   356
       Deflected         |       |       |     1 ||     1
